 Dungeon Crawl Stone Soup version 0.27.0-1-g7a089689b8 (webtiles) character file.

Game seed: 14912385295698775134

72 SnakkuSnakku7 the Skirmisher (level 4, -12/38 HPs)
             Began as a Ghoul Arcane Marksman on Aug 4, 2021.
             Killed from afar by Ijyb (15 damage)
             ... with a bolt of acid
             ... on level 3 of the Dungeon.
             The game lasted 00:02:19 (2848 turns).

SnakkuSnakku7 the Skirmisher (GhAM)                 Turns: 2848, Time: 00:02:20

Health: -12/38     AC:  6    Str: 14    XL:     4   Next: 25%
Magic:  4/4        EV: 12    Int:  8    God:
Gold:   152        SH:  0    Dex:  9    Spells: 4/5 levels left

rFire    . . .     SeeInvis .     - Unarmed
rCold    + . .     Faith    .   (no shield)
rNeg     + + +     Spirit   .   a - +0 robe
rPois    ∞         Reflect  .   (no helmet)
rElec    .         Harm     .   (no cloak)
rCorr    .         Rampage  .   (no gloves)
Will     .....                  (no boots)
Stlth    +.........             (no amulet)
HPRegen  0.00/turn              g - +4 ring of protection
MPRegen  0.09/turn              (no ring)

@: inhibited regen
A: claws 1, cold resistance 1, negative energy resistance 3, inhibited
regeneration, torment resistance 2
a: no special abilities


You were on level 3 of the Dungeon.
You visited 1 branch of the dungeon, and saw 4 of its levels.

You collected 152 gold pieces.

Inventory:

Missiles
 b - 12 javelins (quivered)
 c - 2 throwing nets
Armour
 a - a +0 robe (worn)
Jewellery
 g - a +4 ring of protection (left claw)
Scrolls
 e - 2 scrolls of identify {unknown}
 f - a scroll of brand weapon {unknown}
 h - 2 scrolls of teleportation {unknown}
 i - a scroll of fear {unknown}
 j - a scroll of enchant weapon {unknown}
 k - a scroll of blinking {unknown}
 m - a scroll of amnesia {unknown}
Potions
 d - a potion of brilliance {unknown}
 l - a potion of curing {unknown}


   Skills:
 + Level 3.1 Fighting
 - Level 1.7 Throwing
 - Level 1.7 Dodging
 + Level 2.8 Unarmed Combat
 - Level 1.0 Spellcasting
 - Level 2.4 Hexes


You had 4 spell levels left.
You knew the following spells:

 Your Spells              Type           Power      Damage    Failure   Level
a - Corona                Hex            4%         N/A       16%         1

Your spell library contained the following spells:

 Spells                   Type           Power      Damage    Failure   Level
 Slow                     Hex            4%         N/A       22%         2
 Inner Flame              Hex/Fire       2%         N/A       58%         3
 Portal Projectile        Hex/Tloc       4%         N/A       58%         3
 Cause Fear               Hex            2%         N/A       83%         4


Dungeon Overview and Level Annotations

Branches:
Dungeon (4/15)
 Temple: D:4-7

Altars:

Annotations:
D:3 Ijyb


Innate Abilities, Weirdness & Mutations

You thrive by killing the living.
You are immune to poison.
You have sharp fingernails.
Your flesh is cold resistant. (rC+)
You are immune to negative energy. (rN+++)
You do not regenerate when monsters are visible.
You are immune to unholy pain and torment.


Message History

A hound is nearby!
An orc and an orc wizard come into view.
The orc wizard shouts!
The hound barks!
You hear a shout!
The orc wizard moves out of view.
The orc shouts!
An orc warrior comes into view. It is wielding a +0 mace.
The orc warrior shouts!
The hound closely misses you. The hound bites you.
You scratch the hound.
The hound is moderately wounded.
The hound closely misses you.
You closely miss the hound.
The hound is moderately wounded.
The hound bites you.
An orc priest comes into view. It is wielding a +0 war axe.
The hound pauses to sniff the ground.
The hound barely misses you.
You scratch the hound but do no damage.
The hound is moderately wounded.
The hound bites you but does no damage. The hound closely misses you.
The orc wizard mumbles some strange words.
The orc wizard flickers and vanishes!
Deactivating autopickup; reactivate with Ctrl-A.
The hound closely misses you. The hound bites you.
The hound closely misses you.
There is an open door here.
The hound bites you. The hound barely misses you.
There is a stone staircase leading up here.
The hound closely misses you. The hound misses you.
You climb upwards.
Level annotation: Ijyb Reactivating autopickup.
Ijyb zaps a wand.
The bolt of acid hits you!
You are splashed with acid!
* * * LOW HITPOINT WARNING * * *
There is a stone staircase leading down here.
Ijyb zaps a wand.
The bolt of acid hits you!
You die...

##....#.......#...#.#..##
#.....#.#............. ..
##.....#................
................#........#
.###..†.....##.#......#.#
.......................#.#
.............##g#.#....
..............#.#......
..............@h.(.....
..............###......
..####....#...........#
...............##....###.
###....................
.......................
.......................#
.####..................
#.#...._......##.#


You could see Ijyb and a hound.

Vanquished Creatures
  A worm (D:2)
  A dart slug (D:1)
  4 ball pythons
  5 endoplasms
  2 giant cockroaches
  10 goblins
  6 hobgoblins
  8 jackals
  A quokka (D:1)
  5 bats (D:1)
  3 frilled lizards
  6 kobolds
  7 rats
59 creatures vanquished.

Notes
Turn   | Place    | Note
-------+----------+-------------------------------------------
     0 | D:1      | SnakkuSnakku7 the Ghoul Arcane Marksman began the quest for
                  | the Orb.
     0 | D:1      | Reached XP level 1. HP: 16/16 MP: 1/1
   140 | D:1      | Reached skill level 1 in Unarmed Combat
   140 | D:1      | Reached XP level 2. HP: 15/24 MP: 2/2
   486 | D:1      | Reached skill level 2 in Fighting
   634 | D:1      | Reached XP level 3. HP: 11/29 MP: 3/3
  1920 | D:2      | Reached XP level 4. HP: 37/37 MP: 4/4
  2020 | D:2      | Reached skill level 3 in Fighting
  2637 | D:3      | Found a faded altar of an unknown god.
  2711 | D:3      | Noticed Ijyb
  2830 | D:4      | Noticed an orc warrior
  2848 | D:3      | Killed from afar by Ijyb

Illustrated notes

Levels and vault maps discovered:
D:1:      dpeg_arrival_circle_labyrinth_a, layout_basic
D:2:      layout_loops_corners, minmay_goblin_outpost
D:3:      layout_basic, serial_rivers, chequers_serial_rivers_small_a,
          chequers_serial_rivers_small_3, chequers_serial_rivers_micro_a,
          chequers_serial_rivers_micro_e, dreamdust_ecumenical_altar_statues,
          minmay_ogre_servants, uniq_ijyb
D:4:      black_bear_nest_2, layout_basic, lemuel_mausoleum_altar_yredelemnul,
          temple_fountains, ebering_ghost_reflecting_pool

Skill      XL: |  1  2  3  4 |
---------------+-------------+-----
Unarmed Combat | 1 2 |  2.8
Fighting       | 2 3 |  3.1
Throwing       | |  1.7
Dodging        | |  1.7
Spellcasting   | |  1.0
Hexes          | |  2.4

Action                   |  1- 3 |  4- 6 || total
-------------------------+-------+-------++-------
Melee: Unarmed           |   157 |    31 ||   188
 Stab: Sleeping          |     1 |       ||     1
Armor: Robe              |    40 |     6 ||    46
Dodge: Dodged            |   123 |    38 ||   161
